 Dungeon Crawl Stone Soup version 0.17.0-57-g0e89251 (webtiles) character file.

2882 RedWar the Nimble (level 9, -5/64 HPs)
             Began as a Felid Berserker on Dec 8, 2015.
             Was a High Priest of Trog.
             Slain by Grum
             ... wielding a -1 spear
              (8 damage)
             ... on level 8 of the Dungeon.
             The game lasted 01:15:53 (9305 turns).

RedWar the Nimble (Felid Berserker)                 Turns: 9305, Time: 01:15:53

Health: -5/64      AC: 24    Str: 14      XL:     9   Next: 48%
Magic:  0/10       EV:  4    Int:  7 (9)  God:    Trog [*****.]
Gold:   331        SH:  0    Dex: 17      Spells: 0 memorised, 8 levels left
                                        Lives:  0   Deaths: 2

rFire  . . .     SeeInvis +       - Unarmed
rCold  . . .     Clarity  .     (armour unavailable)
rNeg   + + +     SustAt   .     (shield unavailable)
rPois  +         Gourm    .     (helmet unavailable)
rElec  .         Spirit   +     (cloak unavailable)
rCorr  .         Warding  .     (gloves unavailable)
rMut   .         NoTele   +     (boots unavailable)
MR     +....                    b - amulet of guardian spirit
Stlth  ++++++....               (no ring)
                                (no ring)

@: tree-form (expiring), somewhat resistant to hostile enchantments, very
stealthy
A: no armour, no weapons or thrown items, (claws 0), (fangs 0), see invisible,
carnivore 3, (speed 0), (shaggy fur 0), slow metabolism 1, wild magic 1, (sharp
paws)
a: Berserk, Trog's Hand, Brothers in Arms, Burn Spellbooks, Renounce Religion


You were on level 8 of the Dungeon.
You worshipped Trog.
Trog was extremely pleased with you.
You were completely stuffed.
You were a tree.
You visited 2 branches of the dungeon, and saw 9 of its levels.

You collected 331 gold pieces.

Inventory:

Jewellery
 b - an amulet of guardian spirit (around neck)
 e - an uncursed amulet of resist mutation
Wands
 p - a wand of polymorph (7)
Scrolls
 h - a scroll of holy word
 i - 3 scrolls of remove curse
 j - 2 scrolls of teleportation
Potions
 k - a potion of cure mutation
Comestibles
 a - 3 meat rations
 d - 10 chunks of flesh
 f - a slice of pizza


   Skills:
 + Level 7.4 Fighting
 + Level 11.6 Dodging
 + Level 8.6 Stealth
 + Level 8.7 Unarmed Combat


You had 8 spell levels left.
You didn't know any spells.

Dungeon Overview and Level Annotations

Branches:
Dungeon (8/15)             Temple (1/1) D:6
   Lair: D:8-11

Altars:
Ashenzari
Cheibriados
Dithmenos
Elyvilon
Fedhas
Gozag
Kikubaaqudgha
Nemelex Xobeh
Okawaru
Qazlal
Ru
Trog
Xom
Yredelemnul
The Shining One

Shops:
D:5 (

Annotations:
D:8 Grum


Innate Abilities, Weirdness & Mutations

You cannot wear armour.
You are incapable of wielding weapons or throwing items.
((You have sharp claws.))
((You have razor-sharp teeth.))
You have supernaturally acute eyesight.
You are carnivorous and can eat meat at any time.
((You cover ground quickly.))
((You are covered in thick fur (AC +2).))
You have a slow metabolism.
((Your sharp claws are effective at attacking unaware monsters.))
Your spells are a little harder to cast, but a little more powerful.


Message History

* * * LOW HITPOINT WARNING * * *
You smack the wolf!
The wolf is almost dead.
The wolf bites you but does no damage. Grum barely misses you.
The wolf bites you.
* * * LOW HITPOINT WARNING * * *
You pummel the wolf!!
You kill the wolf!
Trog accepts your kill. Grum hits you but does no damage.
You cannot move.
You cannot move.
You cannot move.
Zapping:
p - a wand of polymorph (will waste charges)
Press: ? - help, Shift-Dir - straight line, f - Grum
Aim: Grum, wielding a spear and wearing an animal skin (chance to defeat MR: 54%) Grum resists with significant effort.
Evoking this partially-identified wand wasted a few charges.
Grum hits you from afar with a spear!
You die...

#.# #.#
##.####
##.....
#.....
...###...#
........g#
..####†##
#♣# #.# #.#
#.# #.#
#.#######
###
#.......#
..#
#.#####.#
#.###.#####.


You could see Grum.

Vanquished Creatures
  Joseph (D:7)
  Psyche (D:8)
  Grinder (D:3)
  Prince Ribbit (D:7)
  Sigmund (D:5)
  4 wolves (D:8)
  Menkaure (D:4)
  A sky beast (D:5)
  An orc warrior (D:6)
  A black bear (D:7)
  3 ice beasts
  5 centaurs
  3 ogres
  A necrophage (D:6)
  3 killer bees (D:8)
  A scorpion (D:7)
  2 hounds
  2 crimson imps
  A giant frog skeleton (D:5)
  Crazy Yiuf (D:7)
  3 iguanas (D:7)
  6 orc priests
  A centaur skeleton (D:6)
  Terence (D:2)
  11 orc wizards
  5 worker ants
  A hound skeleton (D:6)
  A worker ant zombie (D:5)
  6 gnolls (D:6)
  6 adders
  2 shadow imps (D:6)
  3 adder zombies
  An ooze (D:1)
  3 adder skeletons
  5 worms
  3 giant geckos
  32 orcs
  4 ball pythons
  8 giant cockroaches
  6 goblins
  7 hobgoblins
  18 jackals
  2 quokkas
  4 bats
  2 giant gecko skeletons
  5 giant newts
  A jackal skeleton (D:6)
  A jackal zombie (D:8)
  8 kobolds
  7 rats
198 creatures vanquished.

Notes
Turn   | Place    | Note
--------------------------------------------------------------
     0 | D:1      | RedWar the Felid Berserker began the quest for the Orb.
     0 | D:1      | Reached XP level 1. HP: 10/10 MP: 2/2
   591 | D:1      | Reached XP level 2. HP: 14/14 MP: 3/3
  1322 | D:1      | Reached XP level 3. HP: 17/17 MP: 4/4
  1405 | D:2      | Noticed Terence
  1422 | D:2      | Killed Terence
  1472 | D:2      | Reached ** piety under Trog
  1472 | D:2      | Reached skill level 1 in Stealth
  1677 | D:2      | Found a snail-covered altar of Cheibriados.
  1718 | D:2      | Reached XP level 4. HP: 19/22 MP: 5/5
  1938 | D:3      | Reached skill level 5 in Dodging
  1951 | D:3      | Reached XP level 5. HP: 11/25 MP: 3/6
  2224 | D:3      | Reached *** piety under Trog
  2553 | D:3      | Noticed a centaur
  2593 | D:3      | Killed a centaur
  2593 | D:3      | Gained mutation: You are covered in thick fur (AC +2). [Felid growth]
  2593 | D:3      | Reached XP level 6. HP: 4/28 MP: 1/7
  2946 | D:3      | Noticed Grinder
  2977 | D:3      | Killed Grinder
  2977 | D:3      | Reached skill level 6 in Dodging
  2977 | D:3      | Reached skill level 5 in Unarmed Combat
  2977 | D:3      | Reached XP level 7. HP: 12/33 MP: 2/8
  3877 | D:4      | Noticed Menkaure
  3886 | D:4      | Killed Menkaure
  3886 | D:4      | Reached skill level 5 in Stealth
  4146 | D:4      | Reached skill level 5 in Fighting
  4405 | D:4      | Found a stormy altar of Qazlal.
  4415 | D:4      | Noticed a water elemental
  4423 | D:4      | Noticed an air elemental
  4427 | D:4      | Noticed a fire elemental
  4465 | D:4      | Reached skill level 7 in Dodging
  4748 | D:5      | Entered Level 5 of the Dungeon
  4937 | D:6      | Found a staircase to the Ecumenical Temple.
  4947 | Temple   | Entered the Ecumenical Temple
  5031 | D:6      | Reached XP level 8. HP: 37/37 MP: 9/9
  5338 | D:6      | Reached **** piety under Trog
  5827 | D:6      | Reached skill level 8 in Dodging
  6203 | D:6      | Killed from afar by an orc priest
  6204 | D:6      | Reached XP level 7. HP: -8/34 MP: 0/8
  6748 | D:5      | Reached XP level 8. HP: 34/38 MP: 9/9
  6781 | D:5      | Noticed Sigmund
  6784 | D:5      | Killed Sigmund
  6784 | D:5      | Reached skill level 9 in Dodging
  6808 | D:5      | Found Todgh's Weapon Emporium.
  6862 | D:5      | Found a white marble altar of Elyvilon.
  6986 | D:5      | Gained mutation: Your spells are a little harder to cast, but a little more powerful. [potion of beneficial mutation]
  7241 | D:5      | Reached ***** piety under Trog
  7705 | D:7      | Noticed Joseph
  7717 | D:7      | Shot with a sling bullet of flame by Joseph
  7718 | D:7      | Reached XP level 7. HP: -10/35 MP: 0/8
  7856 | D:7      | Killed Joseph
  7856 | D:7      | Reached skill level 10 in Dodging
  7856 | D:7      | Reached XP level 8. HP: 18/39 MP: 0/9
  8353 | D:7      | Found an iron altar of Okawaru.
  8390 | D:7      | Noticed Prince Ribbit
  8615 | D:7      | HP: 2/40 [Prince Ribbit (15)]
  8622 | D:7      | Killed Prince Ribbit
  8752 | D:7      | Noticed Crazy Yiuf
  8761 | D:7      | Killed Crazy Yiuf
  8761 | D:7      | Reached skill level 11 in Dodging
  8976 | D:8      | Reached XP level 9. HP: 43/43 MP: 10/10
  9037 | D:8      | Noticed Psyche
  9053 | D:8      | Killed Psyche
  9272 | D:8      | Noticed Grum
  9303 | D:8      | HP: 3/64 [wolf[Grum] (4)]
  9305 | D:8      | Slain by Grum

Action                   |  1- 3 |  4- 6 |  7- 9 || total
-------------------------+-------+-------+-------++-------
Melee: Unarmed           |    80 |   112 |   472 ||   664
Evoke: Wand              |       |       |     1 ||     1
  Use: Scroll            |     5 |     4 |    14 ||    23
       Potion            |     1 |       |    18 ||    19
 Stab: Sleeping          |     9 |     6 |    19 ||    34
       Distracted        |       |       |     4 ||     4
  Eat: Chunk             |     9 |     2 |    24 ||    35
